 Dungeon Crawl Stone Soup version 0.31-a0-325-g067879e3d3 (webtiles) character file.

Game seed: 12322804775971244697

129 AIAndy the Changeling (level 5, -3/34 HPs)
             Began as an Octopode Shapeshifter on July 18, 2023.
             Killed from afar by an acid dragon (22 damage)
             ... with a splash of acid
             ... on level 4 of the Dungeon.
             The game lasted 00:04:38 (2077 turns).

AIAndy the Changeling (Octopode Shapeshifter)       Turns: 2077, Time: 00:04:38

Health: -3/34      AC:  1    Str: 16    XL:     5   Next: 12%
Magic:  14/14      EV: 13    Int: 11    God:
Gold:   227        SH:  0    Dex: 12    Spells: 4/4 levels left

rFire   x .          .
                       - Unarmed
rCold   + . .        (no shield)
rNeg    . . .        e - melded +2 hat
rPois   .            (no amulet)
rElec   .            C - ring of ice
rCorr   .            W - ring of magical power
SInv    .            (no ring)
Will    .....        (no ring)
Stlth   ++           (no ring)
HPRegen 0.25/turn    (no ring)
MPRegen 0.14/turn    (no ring)
                     (no ring)

%: no passive effects
@: beast-form
A: beast (slay +2), almost no armour, amphibious, 8 rings, camouflage 1,
gelatinous body 1, (nimble swimmer 1), tentacles
a: Begin Untransformation


You were on level 4 of the Dungeon.
You were a hulking beast.
You visited 1 branch of the dungeon, and saw 4 of its levels.

You collected 227 gold pieces.


Innate Abilities, Weirdness & Mutations

You are a hulking beast.
Your limbs bulge with bestial killing power. (Slay +2)
You cannot wear most types of armour.
You are amphibious.
You can wear up to eight rings at the same time.
Your skin changes colour to match your surroundings (Stealth+).
Your rubbery body absorbs attacks. (AC +1, EV +1)
((You are camouflaged when in or above water. (Stealth+)))
You have tentacles for arms and can constrict up to eight enemies at once.


   Skills:
 - Level 2.0 Fighting
 - Level 2.0 Dodging
 + Level 3.8 Unarmed Combat
 + Level 4.1 Shapeshifting


You had 4 spell levels left.
You didn't know any spells.
Your spell library contained the following spells:

 Spells                   Type           Power      Damage    Failure   Level
 Apportation              Tloc           0%         N/A       34%         1
 Necrotise                Necr           0%         1d4       34%         1
 Summon Small Mammal      Summ           0%         N/A       34%         1

Inventory:

Missiles
 j - 6 boomerangs of dispersal {=f}
Armour
 e - a +2 hat (melded)
 m - a +0 tower shield
Jewellery
 C - a ring of ice (left tentacle)
 W - a ring of magical power (right tentacle)
Talismans
 b - a beast talisman
Wands
 i - a wand of flame (13)
Scrolls
 c - 4 scrolls of identify {unknown}
 d - a scroll of fog {unknown}
 f - a scroll of blinking {unknown}
 g - a scroll of teleportation {unknown}
 l - a scroll of noise {unknown}
Potions
 a - a potion of lignification {!q}
 h - a potion of attraction {unknown}
 k - a potion of resistance {unknown}

Dungeon Overview and Level Annotations

Branches:
Dungeon (4/15)
 Temple: D:4-7

Altars:
Trog
Zin

# #######.#
#.......#
#hD...#
#.g...........
#.....####.###
+..... ..
#..... #
....### .##. #


You could see an acid dragon (catching breath) and a goblin (asleep).


Message History

W - a ring of magical power You feel your magic capacity increase.
W - a ring of magical power (right tentacle) Magic restored.
You see here a +0 short sword.
Found a stone staircase leading down.
You open the door.
There is an open door here.
There is an open door here.
There is an open door here.
Done exploring.
Done exploring.
Search for what [Enter for "."]? .
Search for what [Enter for "."]? altar
There is a stone staircase leading down here.
You climb downwards.
There is a stone staircase leading up here.
The helpless acid dragon fails to defend itself.
You tentacle-slap the acid dragon.
You squeeze the acid dragon, but do no damage.
The acid dragon is lightly wounded.
You tentacle-slap the acid dragon.
The acid dragon is lightly wounded.
The acid dragon bites you! The acid dragon claws you.
You tentacle-slap the acid dragon.
The acid dragon is moderately wounded.
The acid dragon spits acid at you. The splash of acid hits you!!
Ouch! That really hurt!
You die...

Skill      XL: |  1  2  3  4 |
---------------+-------------+-----
Unarmed Combat | 3 |  3.8
Shapeshifting  | 4 |  4.1
Fighting       | |  2.0
Dodging        | |  2.0

Action                     |  1- 3 |  4- 6 || total
---------------------------+-------+-------++-------
  Melee: Unarmed           |    47 |    56 ||   103
         Constrict         |    14 |    11 ||    25
         Tentacles         |     8 |     4 ||    12
         Punch             |       |     1 ||     1
    Use: Potion            |       |     1 ||     1
   Stab: Sleeping          |     6 |     9 ||    15
 Armour: Skin              |     1 |     5 ||     6
  Dodge: Dodged            |    17 |    18 ||    35
         Form:             |     1 |       ||     1
         Beast             |     1 |       ||     1

Levels and vault maps discovered:
D:1:      minmay_arrival_hallway, layout_rooms
D:2:      layout_loops_ring, chequers_serial_rivers_room_a
D:3:      layout_basic, nicolae_overflow_squiral, minmay_cut_off
D:4:      layout_basic, uniq_robin, uniq_sigmund

Notes
Turn   | Place    | Note
-------+----------+-------------------------------------------
     0 | D:1      | AIAndy the Octopode Shapeshifter began the quest for the
                  | Orb.
     0 | D:1      | Reached XP level 1. HP: 14/14 MP: 1/1
   183 | D:1      | Reached XP level 2. HP: 19/19 MP: 2/2
   359 | D:1      | Reached XP level 3. HP: 24/24 MP: 3/3
   572 | D:2      | Reached skill level 3 in Unarmed Combat
   701 | D:2      | Reached XP level 4. HP: 21/29 MP: 4/4
  1281 | D:3      | HP: 2/29 [orc/+0 club (2)]
  1286 | D:3      | HP: 2/43 [orc/+0 club (1)]
  1501 | D:3      | Reached skill level 4 in Shapeshifting
  1605 | D:3      | Reached XP level 5. HP: 33/34 MP: 5/5
  1642 | D:3      | Found a bloodstained altar of Trog.
  1645 | D:3      | Found a glowing silver altar of Zin.
  2074 | D:4      | Noticed an acid dragon
  2077 | D:4      | Killed from afar by an acid dragon

Vanquished Creatures
  6 adders
  2 worms (D:2)
  3 dart slugs
  4 orcs (D:3)
  11 ball pythons
  3 bats
  8 endoplasms
  A giant cockroach (D:3)
  5 goblins
  4 hobgoblins
  2 jackals (D:1)
  4 kobolds
  2 quokkas
  A frilled lizard (D:2)
  A rat (D:1)
57 creatures vanquished.

Table legend: (Time is in decaauts)
 A = Elapsed time spent in this place.
 B = Non-inter-level travel time spent in this place.
 C = Inter-level travel time spent in this place.
 D = Time resting spent in this place.
 E = Time spent auto-exploring this place.
 F = Levels seen in this place.
 G = Mean time per level.
                   A        B        C        D        E       F      G
               +--------+--------+--------+--------+--------+-----+--------+
         Total |   2069 |   2010 |     59 |     21 |   1613 |   4 |  517.2 |
       Dungeon |   2069 |   2010 |     59 |     21 |   1613 |   4 |  517.2 |
               +--------+--------+--------+--------+--------+-----+--------+

Top non-repeatable levels by time:
     D:3: 873 daAuts
     D:2: 715 daAuts
     D:1: 478 daAuts
     D:4: 2 daAuts

Table legend:
 A = Non-vault XP
 B = Vault XP
 C = Vault XP percentage of total XP
 D = Non-vault monster count
 E = Vault monster count
 F = Vault count percentage of total count
                 A         B        C        D         E       F
            +---------+---------+-------+---------+---------+-------
      Total |     181 |       4 |   2.2 |      54 |       3 |   5.3
            +---------+---------+-------+---------+---------+-------
        D:1 |      35 |       0 |   0.0 |      19 |       0 |   0.0
        D:2 |      86 |       0 |   0.0 |      19 |       0 |   0.0
        D:3 |      60 |       4 |   6.2 |      16 |       3 |  15.8
            +---------+---------+-------+---------+---------+-------
